 Dungeon Crawl Stone Soup version 0.23.2-33-g5129a83184 (webtiles) character file.

Game seed: 5523797619762106389

1861690 brob4 the Impregnable (level 27, 161/310 HPs)
             Began as a Deep Dwarf Fighter on May 19, 2019.
             Was the Champion of Makhleb.
             Escaped with the Orb
             ... and 3 runes on Aug 5, 2019!
             The game lasted 06:25:44 (61084 turns).

brob4 the Impregnable (Deep Dwarf Fighter)         Turns: 61084, Time: 06:25:44

Health: 161/310    AC: 43    Str: 19 (25) XL:     27
Magic:  1/1        EV: 17    Int: 11 (12) God:    Makhleb [******]
Gold:   2250       SH: 24    Dex: 17      Spells: 22/26 levels left

rFire    + + .     SeeInvis +   a - +9 broad axe (venom)
rCold    + + .     Gourm    .   d - +2 shield {rPois}
rNeg     + + .     Faith    .   c - +6 gold dragon scales
rPois    +         Spirit   .   (no helmet)
rElec    +         Reflect  +   s - +1 cloak
rCorr    +         Harm     .   l - +2 pair of gloves "Suluick" {-Cast rN+ MR+}
MR       +++++     NoCast   +   b - +1 pair of boots {Stlth+}
Stlth    ..........             S - amulet "Vilyatwaity" {Reflect rElec rF+ rC+ Str+2 SH+4}
HPRegen  0.00/turn              t - ring of see invisible
MPRegen  0.07/turn              n - ring of resist corrosion

@: non-regenerating
A: damage resistance, heal wounds, large bone plates 1, blink, dopey 1, mutation
resistance 1, negative energy resistance 1, sense surroundings 3, robust 1,
screaming 1, electricity resistance, wild magic 1, no regeneration
0: Orb of Zot
}: 3/15 runes: barnacled, silver, gossamer
a: Heal Wounds, Blink, Minor Destruction, Lesser Servant of Makhleb, Major
Destruction, Greater Servant of Makhleb, Renounce Religion


You escaped.
You worshipped Makhleb.
Makhleb was exalted by your worship.
You were not hungry.

You visited 10 branches of the dungeon, and saw 50 of its levels.
You visited the Abyss 1 time.
You visited 1 bazaar.
You also visited: Ice Cave.

You collected 7690 gold pieces.
You spent 5440 gold pieces at shops.

Inventory:

Hand Weapons
 a - a +9 broad axe of venom (weapon)
 u - a +1 war axe of flaming
Armour
 b - a +1 pair of boots of stealth (worn)
 c - +6 gold dragon scales (worn)
 d - a +2 shield of poison resistance (worn)
 l - the +2 pair of gloves "Suluick" (worn) {-Cast rN+ MR+}
   (You acquired it on level 4 of the Shoals)

   It protects you from negative energy.
   It affects your resistance to hostile enchantments.
   It prevents spellcasting.
 s - a +1 cloak (worn)
 P - a +0 helmet
Jewellery
 n - a ring of resist corrosion (right hand)
 t - a ring of see invisible (left hand)
 M - an uncursed ring of protection from cold
 S - the amulet "Vilyatwaity" (around neck) {Reflect rElec rF+ rC+ Str+2 SH+4}
   (You found it on level 4 of the Spider Nest)

   [amulet of reflection]

   It shields you and reflects attacks.
   It affects your strength (+2).
   It protects you from fire.
   It protects you from cold.
   It insulates you from electricity.
   It affects your SH (+4).
 W - an uncursed ring of protection from fire
Wands
 i - a wand of iceblast (27)
 w - a wand of scattershot (7)
 y - a wand of disintegration (38)
 L - a wand of flame (119)
 N - a wand of paralysis (13)
 U - a wand of digging (1)
 X - a wand of enslavement (8)
Scrolls
 g - 15 scrolls of teleportation
 h - 10 scrolls of magic mapping
 j - 15 scrolls of remove curse
 p - 13 scrolls of identify
 v - 3 scrolls of fog
 E - 6 scrolls of fear
 F - 3 scrolls of enchant weapon
 K - 3 scrolls of blinking
 Y - a scroll of holy word
Potions
 e - 6 potions of invisibility
 m - 3 potions of flight
 o - 4 potions of berserk rage
 q - 9 potions of resistance
 r - 6 potions of mutation
 z - 12 potions of curing
 A - 5 potions of magic
 C - 8 potions of brilliance
 J - 2 potions of cancellation
 T - 10 potions of might
 V - 4 potions of haste
 Z - 5 potions of agility
Miscellaneous
 k - a lamp of fire
 D - 2 phantom mirrors
Comestibles
 f - 94 rations


   Skills:
 + Level 23.1 Fighting
 - Level 18.0 Axes
 + Level 26.4 Armour
 + Level 25.6 Dodging
 - Level 15.0 Shields
 - Level 18.1 Invocations
 - Level 10.0 Evocations


You had 22 spell levels left.
You knew the following spells:

 Your Spells              Type           Power        Failure   Level  Hunger
a - Sandblast             Erth           #.....       99%         1    ##.....
b - Apportation           Tloc           #.....       99%         1    ##.....
c - Passwall              Tmut/Erth      #.......     100%        2    ###....

Your spell library contained the following spells:

 Spells                   Type           Power        Failure   Level  Hunger
 Animate Skeleton         Necr           N/A          99%         1    ##.....
 Beastly Appendage        Tmut           #.....       99%         1    ##.....
 Confusing Touch          Hex            #.....       99%         1    ##.....
 Corona                   Hex            #......      99%         1    ##.....
 Flame Tongue             Conj/Fire      #....        99%         1    ##.....
 Pain                     Necr           #...         99%         1    ##.....
 Shock                    Conj/Air       #...         99%         1    ##.....
 Sting                    Conj/Pois      #...         99%         1    ##.....
 Summon Small Mammal      Summ           #...         99%         1    ##.....
 Blink                    Tloc           N/A          100%        2    ###....
 Ensorcelled Hibernation  Hex/Ice        #.....       100%        2    ###....
 Poisonous Vapours        Pois/Air       #.....       100%        2    ###....
 Shroud of Golubria       Chrm/Tloc      #.........   100%        2    ###....
 Slow                     Hex            #.......     100%        2    ###....
 Sticks to Snakes         Tmut           #.......     100%        2    ###....
 Swiftness                Chrm/Air       #.......     100%        2    ###....
 Throw Flame              Conj/Fire      #.....       100%        2    ###....
 Confuse                  Hex            #.......     100%        3    ####...
 Conjure Flame            Conj/Fire      #.......     100%        3    ####...
 Dazzling Spray           Conj/Hex       #.....       100%        3    ####...
 Gell's Gravitas          Tloc           #.........   100%        3    ####...
 Inner Flame              Hex/Fire       #.......     100%        3    ####...
 Lesser Beckoning         Tloc           #.........   100%        3    ####...
 Mephitic Cloud           Conj/Pois/Air  #.......     100%        3    ####...
 Portal Projectile        Hex/Tloc       #.....       100%        3    ####...
 Recall                   Summ/Tloc      N/A          100%        3    ####...
 Spider Form              Tmut/Pois      #.........   100%        3    ####...
 Static Discharge         Conj/Air       #.......     100%        3    ####...
 Stone Arrow              Conj/Erth      #.....       100%        3    ####...
 Teleport Other           Tloc           #.......     100%        3    ####...
 Tukima's Dance           Hex            #.......     100%        3    ####...
 Vampiric Draining        Necr           #.........   100%        3    ####...
 Airstrike                Air            #.........   100%        4    #####..
 Animate Dead             Necr           N/A          100%        4    #####..
 Cause Fear               Hex            #.........   100%        4    #####..
 Ice Form                 Ice/Tmut       #.......     100%        4    #####..
 Leda's Liquefaction      Hex/Erth       #.........   100%        4    #####..
 Olgreb's Toxic Radiance  Pois           #.......     100%        4    #####..
 Petrify                  Tmut/Erth      #.......     100%        4    #####..
 Sticky Flame             Conj/Fire      #.......     100%        4    #####..
 Aura of Abjuration       Summ           #.........   100%        5    ######.
 Blade Hands              Tmut           #.........   100%        5    ######.
 Bolt of Magma            Conj/Fire/Erth #.........   100%        5    ######.
 Borgnjor's Vile Clutch   Necr/Erth      #.........   100%        5    ######.
 Fireball                 Conj/Fire      #.........   100%        5    ######.
 Irradiate                Conj/Tmut      #.........   100%        5    ######.
 Iskenderun's Battlesphe  Conj/Chrm      #.......     100%        5    ######.
 Lee's Rapid Deconstruct  Erth           #.........   100%        5    ######.
 Lightning Bolt           Conj/Air       #.........   100%        5    ######.
 Metabolic Englaciation   Hex/Ice        #.........   100%        5    ######.
 Summon Demon             Summ           #.........   100%        5    ######.
 Summon Forest            Summ/Tloc      #.........   100%        5    ######.
 Summon Mana Viper        Hex/Summ       #.......     100%        5    ######.
 Venom Bolt               Conj/Pois      #.........   100%        5    ######.
 Yara's Violent Unravell  Hex/Tmut       #.........   100%        5    ######.
 Bolt of Cold             Conj/Ice       #.........   100%        6    #######
 Conjure Ball Lightning   Conj/Air       #.........   100%        6    #######
 Death Channel            Necr           #.........   100%        6    #######
 Freezing Cloud           Conj/Ice/Air   #.........   100%        6    #######
 Hydra Form               Tmut           #.........   100%        6    #######
 Iron Shot                Conj/Erth      #.........   100%        6    #######
 Ozocubu's Refrigeration  Ice            #.........   100%        6    #######
 Poison Arrow             Conj/Pois      #.........   100%        6    #######
 Shadow Creatures         Summ           N/A          100%        6    #######
 Simulacrum               Ice/Necr       #.........   100%        6    #######
 Statue Form              Tmut/Erth      #........    100%        6    #######
 Dragon Form              Tmut           #.........   100%        7    #######
 Orb of Destruction       Conj           #.........   100%        7    #######
 Spellforged Servitor     Conj/Summ      #.........   100%        7    #######
 Chain Lightning          Conj/Air       #.........   100%        8    #######
 Ignition                 Fire           #.........   100%        8    #######
 Lehudib's Crystal Spear  Conj/Erth      #.........   100%        8    #######
 Fire Storm               Conj/Fire      #.........   100%        9    #######
 Glaciate                 Conj/Ice       #.........   100%        9    #######
 Shatter                  Erth           #.........   100%        9    #######
 Tornado                  Air            #.........   100%        9    #######
 Regeneration             Chrm/Necr      Unusable     N/A         3    N/A
 Passage of Golubria      Tloc           Unusable     N/A         4    N/A

Dungeon Overview and Level Annotations

Branches:
Dungeon (15/15)            Temple (1/1) D:6            Lair (6/6) D:9
 Shoals (4/4) Lair:3       Spider (4/4) Lair:4        Slime (0/5) Lair:6
    Orc (2/2) D:12            Elf (3/3) Orc:2        Vaults (5/5) D:13
  Crypt (0/3) Vaults:3     Depths (5/5) D:15            Zot (5/5) Depths:5

Altars:
Ashenzari
Cheibriados
Dithmenos
Elyvilon
Fedhas
Gozag
Hepliaklqana
Kikubaaqudgha
Makhleb
Nemelex Xobeh
Okawaru
Qazlal
Ru
Sif Muna
Trog
Uskayaw
Vehumet
Wu Jian
Xom
Yredelemnul
Zin
The Shining One
Beogh
Jiyva

Shops:
D:8 (   D:14 }   D:15 (?(   Orc:2 :!=[   Elf:1 ![(!=   Elf:2 *}=}   Depths:5 *

Portals:
Hell: Depths:1 Depths:2 Depths:3 Depths:4 Depths:5
Abyss: Depths:1 Depths:3 Depths:4 Depths:5
Pandemonium: Depths:3 Depths:5
Ziggurat: Depths:4
Trove: Depths:4 (give 14 scrolls of teleportation)

Annotations:
D:11 Gastronok
D:15 1 runed translucent door, Jabberih's ghost, adept DrCj
Lair:6 1 runed translucent door
Shoals:3 exclusion: Roxanne, Roxanne
Elf:2 1 runed translucent door
Depths:1 1 runed translucent door, FishyPogo's ghost, adept DrBe
Depths:4 trove 12 tele


Innate Abilities, Weirdness & Mutations

You are resistant to damage.
You can heal yourself by infusing magical energy.
You resist negative energy. (rN+)
You passively map a large area around you.
You do not regenerate.
You are partially covered in large bone plates. (SH +4)
You can translocate small distances at will.
You are dopey. (Int -2)
You are somewhat resistant to further mutation.
You are robust. (+10% HP)
You occasionally shout uncontrollably at your foes.
You are resistant to electric shocks. (rElec)
Your spells are a little harder to cast, but a little more powerful.


Message History

There is an open door here.
Evoke which item? (* to show all) (? for menu, Esc to quit)
Aiming: Dig
Press: ? - help, Shift-Dir - straight line This square is covered in magical glow.
The rock shatters into small pieces.
A hobgoblin comes into view. It is wielding a +0 club.
The hobgoblin moves out of view.
A rakshasa comes into view. It is wielding a +0 trident.
There is a stone staircase leading up here.
You climb upwards.
There is a stone staircase leading down here.
There is a stone staircase leading up here.
You climb upwards.
There is a stone staircase leading down here.
Evoke which item? (* to show all) (? for menu, Esc to quit)
Okay, then.
There is an open door here.
There is a staircase leading out of the dungeon here.
You have escaped!

###♣♣♣♣♣♣♣♣♣♣♣
#.'.........@♣
#.#♣.♣♣♣♣♣...♣
#####.#♣.♣♣P♣....♣
....>.#♣.♣P....♣.♣
####.##♣....⌠.P♣.♣
## #.# ♣♣♣....♣♣.♣
.# #.# ♣♣...P♣.♣
.# #.# ♣♣.♣♣♣.♣ .#
#.# ♣.PP..♣


There were no monsters in sight!

Vanquished Creatures
  4 orbs of fire
  Mara (Shoals:4)
  Mennas (Vaults:2)
  A juggernaut (shapeshifter) (Vaults:1)
  Frederick (Vaults:3)
  Boris (Depths:4)
  2 Killer Klowns (Zot:4)
  2 shard shrikes
  Bai Suzhen (Depths:1)
  7 caustic shrikes
  4 curse toes
  9 golden dragons
  Nikola (Orc:2)
  Arachne (Spider:4)
  3 electric golems
  22 tentacled monstrosities
  2 deep elf blademasters (Elf:3)
  21 Orb Guardians
  12 titans
  9 quicksilver dragons
  A deep elf master archer (Elf:3)
  Asterion (Depths:1)
  8 liches
  A kraken (Shoals:3)
  5 death cobs
  4 sphinxes
  18 storm dragons
  5 tengu reavers
  A revenant (Vaults:3)
  7 draconian monks
  18 shadow dragons
  6 frost giants
  7 draconian knights
  11 ghost moths
  12 fire giants
  6 draconian scorchers
  Aizul (Shoals:4)
  20 vault wardens
  17 deep elf sorcerers
  3 emperor scorpions
  A ghost moth (shapeshifter) (Vaults:5)
  A cacodemon (Zot:3)
  An orc warlord (Orc:1)
  A caustic shrike zombie (Depths:3)
  2 draconian stormcallers (Zot:4)
  10 draconian annihilators
  17 ironheart preservers
  3 draconian shifters
  8 very ugly things
  7 deep elf elementalists
  3 spriggan defenders
  20 stone giants
  13 entropy weavers
  6 deep elf demonologists
  2 vampire knights
  6 white draconians
  6 green draconians
  10 purple draconians
  11 black draconians
  8 red draconians
  11 deep elf annihilators
  A starcursed mass (Abyss:2)
  Azrael (D:14)
  A dire elephant (Lair:4)
  11 yellow draconians
  An eidolon (Vaults:3)
  13 spark wasps
  6 deep elf death magi
  3 merfolk javelineers
  11 merfolk impalers
  Snorg (D:10)
  13 ettins
  9 deep elf high priests
  10 fire dragons
  41 vault guards
  3 spriggan air magi
  6 great orbs of eyes
  5 rakshasas
  12 ice dragons
  21 yaktaur captains
  6 hydras
  3 hell beasts
  A caustic shrike simulacrum (Depths:4)
  3 death knights
  10 centaur warriors
  A satyr (Shoals:4)
  6 deep troll shamans
  An anaconda (Lair:6)
  2 merfolk aquamancers
  50 two-headed ogres
  4 alligator snapping turtles (Shoals:4)
  34 dancing weapons
  8 death yaks (D:9)
  A queen ant (Lair:4)
  6 deep troll earth magi
  An orc high priest (Elf:1)
  16 ogre magi
  5 tengu warriors (D:13)
  A sun demon (D:12)
  A shock serpent (shapeshifter) (Elf:2)
  4 spriggan berserkers
  10 hell knights
  24 deep elf knights
  2 salamander mystics (Depths:3)
  A fire crab (shapeshifter) (Vaults:5)
  3 iron trolls (Depths:2)
  A cherub (Zot:5)
  2 sixfirhies
  31 deep trolls
  8 sea snakes
  4 shadow wraiths
  A spriggan druid (Elf:3)
  6 wizards
  5 unseen horrors
  4 flayed ghosts
  A lindwurm (Lair:6)
  21 harpies
  A swamp dragon (Lair:6)
  3 phantasmal warriors
  5 glowing orange brains
  12 ironbrand convokers
  A golden dragon skeleton (Depths:3)
  17 deep elf archers
  68 deep elf magi
  9 orc knights
  2 sphinx zombies (Depths:3)
  6 necromancers
  13 fauns
  A shadow dragon skeleton (Depths:3)
  An iron dragon zombie (Depths:3)
  An orb spider (shapeshifter) (D:13)
  48 wolf spiders
  43 ugly things
  4 orc sorcerers
  12 orb spiders
  9 cyclopes
  14 manticores
  10 salamanders
  28 elephants
  15 vault sentinels
  An ice statue (IceCv)
  26 moths of wrath
  A black mamba (Lair:3)
  8 merfolk sirens
  A stone giant skeleton (Depths:3)
  A black mamba (shapeshifter) (Depths:5)
  3 torpor snails
  A fire giant skeleton (Depths:3)
  2 smoke demons (Abyss:2)
  A titan simulacrum (Depths:4)
  A water nymph (shapeshifter) (Vaults:5)
  5 water nymphs
  2 rust devils (Depths:3)
  2 gargoyles
  2 spiny frogs (shapeshifter)
  An eye of devastation (shapeshifter) (Vaults:4)
  An orange demon (Depths:3)
  A komodo dragon (shapeshifter) (D:14)
  9 komodo dragons
  14 spiny frogs
  20 demonic crawlers
  5 rime drakes
  An efreet (D:14)
  5 freezing wraiths
  A hellwing (Abyss:2)
  56 yaktaurs
  2 red devils
  An ancient zyme (Abyss:2)
  4 trolls
  4 tengu conjurers
  A merfolk (shapeshifter) (D:14)
  A queen bee (shapeshifter) (Vaults:2)
  2 tengu simulacra
  31 merfolk
  29 polar bears
  A jumping spider (shapeshifter) (Vaults:2)
  2 raiju (Abyss:2)
  2 hornets (shapeshifter) (Vaults:4)
  42 jumping spiders
  3 wind drakes
  16 hornets
  16 slime creatures
  A blink frog (shapeshifter) (Vaults:1)
  12 blink frogs
  8 dream sheep
  15 hippogriffs
  A raiju (shapeshifter) (Vaults:5)
  7 snapping turtles
  A centaur simulacrum (D:14)
  3 air elementals
  16 water elementals
  A spriggan (shapeshifter) (Depths:1)
  A vampire (D:12)
  A shadow (D:12)
  59 tarantellas
  82 redbacks
  4 spriggans (Depths:4)
  7 wyverns
  A ynoxinul (Abyss:2)
  57 yaks
  A yak (shapeshifter) (Depths:5)
  4 wraiths
  Eustachio (D:5)
  A golden eye (shapeshifter) (Vaults:3)
  4 basilisks
  2 chaos spawn (Depths:5)
  4 large abominations
  3 fire elementals
  2 vampire mosquitoes (D:12)
  3 steam dragons
  12 wargs
  A warg (shapeshifter) (Depths:2)
  10 soldier ants
  4 acid dragons
  3 soldier ants (shapeshifter)
  20 hell hounds
  11 water moccasins
  8 porcupines
  A floating eye (Depths:3)
  5 ice beasts
  33 orc warriors
  15 black bears
  A spriggan simulacrum (Depths:3)
  2 eyes of draining
  5 boggarts (Vaults:2)
  62 ogres
  2 necrophages
  5 phantoms
  2 centaurs (shapeshifter)
  16 centaurs
  27 wolves
  16 crocodiles
  3 big kobolds
  14 bullfrogs
  4 earth elementals
  4 small abominations (Abyss:2)
  4 scorpions
  9 killer bees
  4 wights (D:9)
  2 electric eels (Elf:3)
  13 crimson imps
  5 howler monkeys
  6 centaur zombies
  A quasit (D:11)
  6 jellies
  14 orc priests
  3 centaur skeletons
  7 hounds
  20 orc wizards
  4 iguanas
  Jessica (D:2)
  A bullfrog skeleton (D:7)
  6 hell rats (Lair:6)
  28 worker ants
  3 hound zombies
  A hound skeleton (D:4)
  A worker ant zombie (D:8)
  10 adders
  6 gnolls
  3 shadow imps
  A white imp (Abyss:2)
  An ufetubus (Abyss:2)
  An ooze (D:8)
  5 adder skeletons
  3 worms
  3 dart slugs
  6 leopard geckos
  107 orcs
  3 ball pythons
  6 giant cockroaches
  5 goblins
  5 hobgoblins
  6 jackals
  7 quokkas
  10 bats
  5 frilled lizards
  23 kobolds
  A quokka zombie (D:7)
  10 rats
  A crawling corpse (Elf:3)
  2 fungi
  30 plants
2499 creatures vanquished.

Vanquished Creatures (collateral kills)
  3 orbs of fire (Zot:4)
  2 ancient liches (Zot:5)
  A golden dragon (Zot:5)
  An electric golem (Zot:5)
  A tentacled monstrosity (Zot:5)
  3 Orb Guardians (Zot:5)
  A black draconian (Zot:5)
  A deep elf annihilator (Elf:3)
  A moth of wrath (Zot:5)
14 creatures vanquished.

Vanquished Creatures (others)
  2 deep elf master archers (Elf:3)
  2 draconian knights
  A fire giant (Depths:5)
  A green draconian (Zot:1)
  A yellow draconian (Zot:4)
  2 yaktaur captains
  A centaur warrior (Vaults:4)
  A satyr (Shoals:4)
  A deep elf knight (Vaults:2)
  A salamander mystic (Depths:3)
  2 deep elf archers
  A golden dragon zombie (Depths:4)
  3 deep elf magi
  A cyclops (Shoals:4)
  A moth of wrath (Zot:4)
  A vault sentinel (Vaults:1)
  7 yaktaurs
  A komodo dragon (Lair:6)
  A hellwing (Abyss:2)
  An orc warrior (Vaults:3)
  An ogre (Vaults:1)
  A bullfrog (D:14)
  An iguana (Lair:6)
  3 orcs
  A kobold (D:10)
  19 fungi
  46 plants
  10 tentacles (Shoals:3)
114 creatures vanquished.

Grand Total: 2627 creatures vanquished

Notes
Turn   | Place    | Note
-------+----------+-------------------------------------------
     0 | D:1      | brob4 the Deep Dwarf Fighter began the quest for the Orb.
     0 | D:1      | Reached XP level 1. HP: 20/20 MP: 1/1
   150 | D:1      | Reached XP level 2. HP: 16/27 MP: 2/2
   468 | D:1      | Reached skill level 1 in Dodging
   636 | D:1      | Reached XP level 3. HP: 33/33 MP: 2/2
   749 | D:2      | Noticed Jessica
   757 | D:2      | Killed Jessica
   759 | D:2      | Reached XP level 4. HP: 27/42 MP: 3/3
  1271 | D:2      | Found a white marble altar of Elyvilon.
  1271 | D:2      | Found a stormy altar of Qazlal.
  1621 | D:3      | You fall through a shaft!
  1668 | D:4      | Reached skill level 4 in Armour
  1689 | D:4      | Reached XP level 5. HP: 18/49 MP: 4/4
  1822 | D:3      | Found an iron altar of Okawaru.
  1838 | D:3      | Reached XP level 6. HP: 21/56 MP: 4/4
  2196 | D:3      | Found a shadowy altar of Dithmenos.
  3643 | D:5      | Entered Level 5 of the Dungeon
  3643 | D:5      | Noticed a yak
  3646 | D:5      | Noticed a yak
  3651 | D:5      | Noticed a yak
  3656 | D:4      | Killed a yak
  3656 | D:4      | Reached skill level 5 in Armour
  3656 | D:4      | Reached skill level 5 in Shields
  3656 | D:4      | Reached XP level 7. HP: 21/64 MP: 5/5
  4129 | D:5      | Noticed Eustachio
  4165 | D:5      | Killed Eustachio
  4165 | D:5      | Reached skill level 5 in Axes
  4165 | D:5      | Reached XP level 8. HP: 47/73 MP: 4/4
  4509 | D:5      | Reached skill level 6 in Armour
  4514 | D:5      | Reached skill level 5 in Fighting
  4514 | D:5      | Reached skill level 5 in Dodging
  5036 | D:6      | Found a staircase to the Ecumenical Temple.
  5051 | Temple   | Entered the Ecumenical Temple
  5372 | Temple   | Became a worshipper of Makhleb the Destroyer
  6346 | D:7      | Gained mutation: You passively map the area around you.
                  | [Deep Dwarf growth]
  6346 | D:7      | Reached XP level 9. HP: 35/81 MP: 5/5
  7219 | D:7      | Reached skill level 7 in Armour
  7309 | D:8      | Reached * piety under Makhleb
  7750 | D:8      | Noticed a two-headed ogre
  7889 | D:8      | Found Mifirero's Antique Weapon Shop.
  7979 | D:8      | Killed a two-headed ogre
  7979 | D:8      | Reached XP level 10. HP: 70/92 MP: 5/5
  8049 | D:8      | Found a sparkling altar of Nemelex Xobeh.
  8064 | D:8      | Reached ** piety under Makhleb
  8255 | D:9      | Found a deep blue altar of Sif Muna.
  8293 | D:9      | Reached skill level 8 in Armour
  8462 | D:9      | Noticed a two-headed ogre
  8479 | D:9      | Killed a two-headed ogre
  8536 | D:9      | Found a roughly hewn altar of Beogh.
  8605 | D:9      | Noticed a death yak
  8605 | D:9      | Noticed a death yak
  8606 | D:9      | Noticed a death yak
  8606 | D:9      | Noticed a death yak
  8608 | D:9      | Noticed a death yak
  8609 | D:9      | Noticed a death yak
  8609 | D:9      | Noticed a death yak
  8614 | D:9      | Noticed a death yak
  8628 | D:9      | Killed a death yak
  8643 | D:9      | Killed a death yak
  8643 | D:9      | Reached *** piety under Makhleb
  8650 | D:9      | Killed a death yak
  8650 | D:9      | Reached skill level 9 in Armour
  8665 | D:9      | Killed a death yak
  8665 | D:9      | Reached XP level 11. HP: 42/100 MP: 0/6
  8678 | D:9      | Killed a death yak
  8691 | D:9      | Killed a death yak
  8721 | D:9      | Killed a death yak
  8752 | D:9      | Killed a death yak
  8780 | D:9      | Found a staircase to the Lair.
  9027 | D:9      | Noticed a glowing orange brain
  9027 | D:9      | Noticed a sphinx
  9111 | D:9      | Killed a glowing orange brain
  9176 | D:9      | Killed a sphinx
  9176 | D:9      | Reached skill level 10 in Armour
  9176 | D:9      | Reached skill level 10 in Shields
  9253 | D:9      | Found an iron altar of Okawaru.
  9603 | D:10     | Entered Level 10 of the Dungeon
  9875 | D:10     | Killed an unseen horror
  9919 | D:10     | Reached XP level 12. HP: 48/112 MP: 4/4
 10009 | D:10     | Noticed Snorg
 10063 | D:10     | Killed Snorg
 10063 | D:10     | Reached skill level 10 in Axes
 10306 | D:10     | Reached **** piety under Makhleb
 10342 | D:10     | Noticed a two-headed ogre
 10359 | D:10     | Killed a two-headed ogre
 10452 | D:10     | Noticed a two-headed ogre
 10510 | D:10     | Reached skill level 10 in Dodging
 10525 | D:10     | Killed a two-headed ogre
 11063 | D:11     | Noticed Gastronok
 11804 | D:12     | Noticed a two-headed ogre
 11813 | D:12     | Killed a two-headed ogre
 11961 | D:12     | Noticed a death knight
 11977 | D:12     | Noticed an ogre mage
 11977 | D:12     | Noticed a centaur warrior
 12009 | D:12     | Reached skill level 11 in Armour
 12025 | D:12     | Noticed a tengu warrior
 12044 | D:12     | Found a staircase to the Orcish Mines.
 12659 | D:12     | Killed a death knight
 12692 | D:12     | HP: 1/115 [freezing wraith[a death knight] (17)]
 12804 | Lair:1   | Entered Level 1 of the Lair of Beasts
 12804 | Lair:1   | Noticed a seven-headed hydra
 12815 | Lair:1   | Killed a seven-headed hydra
 13232 | Lair:1   | Reached ***** piety under Makhleb
 13240 | Lair:1   | Reached XP level 13. HP: 83/121 MP: 2/2
 13685 | Lair:2   | Upgraded the game from 0.23.2-1-ga50397a6bc to
                  | 0.23.2-11-gf996548c65
 14733 | Lair:3   | You fall through a shaft!
 15258 | Lair:3   | Found a staircase to the Shoals.
 15411 | Lair:4   | Reached skill level 10 in Fighting
 15671 | Lair:4   | Reached skill level 12 in Armour
 15735 | Lair:4   | Noticed a dire elephant
 15747 | Lair:4   | Killed a dire elephant
 16015 | Lair:4   | Found a hole to the Spider Nest.
 16031 | Lair:4   | Reached ****** piety under Makhleb
 16050 | Lair:4   | Gained mutation: You resist negative energy. (rN+) [Deep
                  | Dwarf growth]
 16050 | Lair:4   | Reached XP level 14. HP: 106/132 MP: 3/3
 16224 | Lair:4   | Noticed an entropy weaver
 16224 | Lair:4   | Noticed an entropy weaver
 16260 | Lair:4   | Killed an entropy weaver
 16347 | Lair:4   | Killed an entropy weaver
 17599 | Lair:6   | Entered Level 6 of the Lair of Beasts
 17884 | Lair:6   | Found a runed translucent door.
 17884 | Lair:6   | Found a viscous altar of Jiyva.
 17884 | Lair:6   | Found a staircase to the Slime Pits.
 17884 | Lair:6   | Noticed an acid blob
 17884 | Lair:6   | Noticed an acid blob
 17884 | Lair:6   | Noticed an acid blob
 18495 | Lair:6   | Reached skill level 13 in Armour
 18765 | Lair:6   | Reached XP level 15. HP: 141/141 MP: 4/4
 19353 | D:12     | Upgraded the game from 0.23.2-11-gf996548c65 to
                  | 0.23.2-30-g0e89c35649
 19355 | Orc:1    | Entered Level 1 of the Orcish Mines
 19948 | Orc:1    | Noticed an orc warlord
 19968 | Orc:1    | Killed an orc warlord
 20070 | Orc:2    | Entered Level 2 of the Orcish Mines
 20070 | Orc:2    | Found a staircase to the Elven Halls.
 20075 | Orc:2    | Learned a level 1 spell: Sandblast
 20098 | Orc:2    | Reached skill level 15 in Axes
 20099 | Orc:2    | Reached skill level 1 in Invocations
 20170 | Orc:2    | Found Viekiabo's Antique Armour Emporium.
 20170 | Orc:2    | Found Jiach's Distillery.
 20177 | Orc:2    | Found Icitsill's Jewellery Boutique.
 20177 | Orc:2    | Found Jenerch's Book Shoppe.
 20269 | Orc:2    | Bought an uncursed ring of ice for 325 gold pieces
 20298 | Orc:2    | Found a frozen archway.
 20336 | IceCv    | Entered an ice cave
 20766 | IceCv    | Got an encrusted glaive
 20777 | IceCv    | Noticed a frost giant
 20801 | IceCv    | Killed a frost giant
 21143 | Orc:2    | Identified the cursed +1 glaive "Wellaec" {freeze, rC+}
                  | (You found it in an ice cave)
 21158 | Orc:2    | Learned a level 1 spell: Apportation
 21161 | Orc:2    | Learned a level 2 spell: Passwall
 21165 | Orc:2    | Bought an uncursed ring of poison resistance for 260 gold
                  | pieces
 21165 | Orc:2    | Bought an uncursed ring of resist corrosion for 260 gold
                  | pieces
 21167 | Orc:2    | Bought a potion of curing for 30 gold pieces
 21167 | Orc:2    | Bought a potion of invisibility for 80 gold pieces
 21167 | Orc:2    | Bought a potion of agility for 40 gold pieces
 21167 | Orc:2    | Bought a potion of haste for 100 gold pieces
 21167 | Orc:2    | Bought a potion of heal wounds for 50 gold pieces
 21167 | Orc:2    | Bought a potion of curing for 30 gold pieces
 21167 | Orc:2    | Bought a potion of heal wounds for 50 gold pieces
 21394 | Orc:2    | Reached skill level 5 in Invocations
 21897 | Elf:1    | Entered Level 1 of the Elven Halls
 21906 | Orc:2    | Reached XP level 16. HP: 62/152 MP: 8/8
 22008 | Orc:2    | Upgraded the game from 0.23.2-30-g0e89c35649 to
                  | 0.23.2-33-g5129a83184
 22230 | Spider:1 | Entered Level 1 of the Spider Nest
 22579 | Spider:1 | Reached XP level 17. HP: 137/159 MP: 0/8
 22859 | Spider:1 | Reached skill level 14 in Armour
 25790 | Spider:4 | Entered Level 4 of the Spider Nest
 26135 | Spider:4 | Reached skill level 5 in Evocations
 26192 | Spider:4 | Reached skill level 15 in Shields
 26255 | Spider:4 | Gained mutation: You passively map a large area around you.
                  | [Deep Dwarf growth]
 26255 | Spider:4 | Reached XP level 18. HP: 170/170 MP: 9/9
 26323 | Spider:3 | Reached skill level 15 in Armour
 26426 | Spider:4 | Got a fine iron amulet
 26476 | Spider:4 | Noticed Arachne
 26513 | Spider:4 | Killed Arachne
 27033 | Spider:4 | Got a gossamer rune of Zot
 27410 | Shoals:1 | Entered Level 1 of the Shoals
 28429 | Shoals:2 | Identified the amulet "Vilyatwaity" {Reflect rElec rF+ rC+
                  | Str+2 SH+4} (You found it on level 4 of the Spider Nest)
 28855 | Shoals:2 | Reached skill level 16 in Armour
 28924 | Shoals:2 | Found a flickering gateway to a bazaar.
 28936 | Bazaar   | Entered a bazaar
 28936 | Bazaar   | Found Lasic's Book Shoppe.
 28936 | Bazaar   | Found Tenot's General Store.
 28936 | Bazaar   | Found Test's General Store.
 28936 | Bazaar   | Found Foost's Distillery.
 28938 | Bazaar   | Found Kigum's Gadget Emporium.
 28983 | Bazaar   | Bought a potion of heal wounds for 75 gold pieces
 28983 | Bazaar   | Bought a potion of curing for 45 gold pieces
 28983 | Bazaar   | Bought a potion of curing for 45 gold pieces
 28983 | Bazaar   | Bought a potion of resistance for 150 gold pieces
 28989 | Bazaar   | Bought a scroll of identify for 24 gold pieces
 29015 | Bazaar   | Bought a wand of iceblast (11) for 150 gold pieces
 29015 | Bazaar   | Bought a wand of flame (16) for 90 gold pieces
 29015 | Bazaar   | Bought a wand of disintegration (18) for 220 gold pieces
 29015 | Bazaar   | Bought a wand of flame (22) for 120 gold pieces
 29015 | Bazaar   | Bought a wand of flame (20) for 110 gold pieces
 29015 | Bazaar   | Bought a wand of iceblast (5) for 90 gold pieces
 29480 | Shoals:3 | Noticed Roxanne
 29830 | Shoals:4 | Entered Level 4 of the Shoals
 29856 | Shoals:4 | Noticed Aizul
 29876 | Shoals:4 | Killed Aizul
 29876 | Shoals:4 | Reached XP level 19. HP: 164/182 MP: 13/13
 29915 | Shoals:4 | Noticed Mara
 30221 | Shoals:4 | Noticed brob4's illusion
 30433 | Shoals:4 | Noticed brob4's illusion
 30494 | Shoals:4 | Killed Mara
 30688 | Shoals:4 | Identified 2 scrolls of acquirement
 30694 | Shoals:4 | Got a pair of blackened gloves
 30705 | Shoals:4 | Identified the +2 pair of gloves "Suluick" {-Cast rN+ MR+}
                  | (You acquired it on level 4 of the Shoals)
 30708 | Shoals:4 | Got a pair of polished gloves
 30719 | Shoals:4 | Identified the +0 pair of gloves of Nepet {rN+ Dex+2} (You
                  | acquired it on level 4 of the Shoals)
 31124 | Shoals:4 | Got a barnacled rune of Zot
 31892 | Elf:1    | Noticed Nikola
 31911 | Elf:1    | Noticed a Brimstone Fiend
 31919 | Orc:2    | Reached skill level 15 in Dodging
 31961 | Orc:2    | Killed Nikola
 32005 | Elf:1    | Reached skill level 17 in Armour
 32132 | Elf:1    | Found Ujirr's Distillery.
 32242 | Elf:1    | Bought a potion of curing for 33 gold pieces
 32242 | Elf:1    | Bought a potion of haste for 110 gold pieces
 32242 | Elf:1    | Bought a potion of heal wounds for 55 gold pieces
 32242 | Elf:1    | Bought a potion of agility for 44 gold pieces
 32242 | Elf:1    | Bought a potion of curing for 33 gold pieces
 32242 | Elf:1    | Bought a potion of invisibility for 88 gold pieces
 32242 | Elf:1    | Bought a potion of ambrosia for 88 gold pieces
 32341 | Elf:1    | Found Ograinym's Distillery.
 32341 | Elf:1    | Found Ykent's Antique Armour Shop.
 32341 | Elf:1    | Found Xeggick's Jewellery Shop.
 32343 | Elf:1    | Found Awkiasm's Weapon Shop.
 32830 | Elf:1    | Gained mutation: You are clumsy. (Dex -2) [a neqoxec]
 32949 | Elf:2    | Reached skill level 15 in Fighting
 33152 | Elf:2    | Found Cuarumn's Assorted Antiques.
 33273 | Elf:2    | Found a runed translucent door.
 33302 | Elf:2    | Found a runed translucent door.
 33398 | Elf:2    | Reached XP level 20. HP: 194/194 MP: 8/8
 33455 | Elf:2    | Found Ofobeiji's Gadget Emporium.
 33463 | Elf:2    | Found Caifoyde's Jewellery Shop.
 33464 | Elf:2    | Found Futhar's Gadget Emporium.
 33680 | Elf:1    | Bought a runed shield for 210 gold pieces
 33874 | D:13     | Found a gate to the Vaults.
 34820 | D:14     | Noticed Azrael
 34874 | D:14     | Killed Azrael
 34919 | D:14     | Found Cupt's Gadget Boutique.
 34951 | D:15     | Entered Level 15 of the Dungeon
 35051 | D:15     | Found Keaxyqye's Magic Scroll Shop.
 35055 | D:15     | Bought a scroll of identify for 36 gold pieces
 35098 | D:15     | Found a runed translucent door.
 35099 | D:15     | Found a shimmering altar of Xom.
 35099 | D:15     | Noticed Jabberih's ghost (adept DrCj)
 35135 | D:15     | Found Wuiffal's Antique Weapon Shop.
 35168 | D:15     | Found a staircase to the Depths.
 35310 | D:15     | Reached skill level 18 in Armour
 35366 | D:15     | Found Ocvahups's Weapon Emporium.
 35554 | Vaults:1 | Entered Level 1 of the Vaults
 36039 | Vaults:1 | Reached skill level 10 in Invocations
 36637 | Vaults:1 | Noticed a juggernaut
 36678 | Vaults:1 | Killed a juggernaut
 36828 | Vaults:2 | Reached XP level 21. HP: 205/205 MP: 11/11
 37082 | Vaults:2 | Noticed Mennas
 37172 | Vaults:2 | Killed Mennas
 37764 | Vaults:2 | Reached skill level 19 in Armour
 38640 | Vaults:3 | Noticed Frederick
 38662 | Vaults:3 | Killed Frederick
 39469 | Vaults:3 | Found a staircase to the Crypt.
 39841 | Vaults:4 | Reached XP level 22. HP: 216/216 MP: 14/14
 40339 | Vaults:4 | Got a shimmering bardiche
 40340 | Vaults:4 | Identified the +3 bardiche of the Revolution {speed, rC+
                  | rN+} (You found it on level 4 of the Vaults)
 40890 | Depths:1 | Entered Level 1 of the Depths
 40963 | Depths:1 | Found a glowing golden altar of the Shining One.
 41110 | Depths:1 | Found a gateway to Hell.
 41212 | Depths:1 | Found a one-way gate to the infinite horrors of the Abyss.
 41633 | Depths:1 | Found a runed translucent door.
 41635 | Depths:1 | Noticed FishyPogo's ghost (adept DrBe)
 42015 | Depths:1 | Reached skill level 20 in Armour
 42044 | Depths:1 | Noticed Asterion
 42068 | Depths:1 | Killed Asterion
 42068 | Depths:1 | Reached skill level 15 in Invocations
 42540 | Depths:2 | Noticed Bai Suzhen
 42604 | Depths:1 | Killed Bai Suzhen
 43458 | Depths:3 | Reached XP level 23. HP: 226/226 MP: 14/14
 43642 | Depths:3 | Paralysed by a floating eye for 3 turns
 44094 | D:15     | Bought 2 scrolls of enchant armour for 270 gold pieces
 44612 | Depths:3 | Found a one-way gate leading to the halls of Pandemonium.
 45705 | Depths:4 | Noticed a caustic shrike
 45709 | Depths:4 | Noticed a caustic shrike
 45712 | Depths:4 | Noticed a caustic shrike
 45723 | Depths:4 | Killed a caustic shrike
 45723 | Depths:4 | Reached skill level 21 in Armour
 45733 | Depths:4 | Killed a caustic shrike
 45753 | Depths:4 | Killed a caustic shrike
 46044 | Depths:4 | Found a portal to a secret trove of treasure.
 46434 | Depths:4 | Noticed Boris
 46456 | Depths:4 | Killed Boris
 46456 | Depths:4 | Reached XP level 24. HP: 238/238 MP: 14/14
 46477 | Depths:4 | Found a gateway to a ziggurat.
 46840 | Depths:5 | Entered Level 5 of the Depths
 47243 | Depths:5 | Found a gate to the Realm of Zot.
 47331 | Depths:5 | Found Yzurodak's Demolitions Depot.
 48228 | Elf:2    | Cast into level 2 of the Abyss (+2 scimitar of distortion)
 48503 | Elf:2    | Escaped the Abyss
 48572 | Elf:2    | Reached skill level 10 in Evocations
 48732 | Elf:2    | Reached skill level 22 in Armour
 48831 | Elf:3    | Entered Level 3 of the Elven Halls
 49778 | Elf:3    | Identified the +5 plate armour of Goamn {Str+3 Int+2}
 49778 | Elf:3    | Identified the ring "Mogga" {+Blink +Fly Int+2}
 49959 | Elf:3    | Identified Kaqof's Almanac of Air
 50033 | Elf:3    | Reached XP level 25. HP: 249/249 MP: 14/14
 50229 | Elf:3    | Identified the amulet of Jugg {Gourm rC+ Int+4 Dex-3} (You
                  | found it on level 3 of the Elven Halls)
 50413 | Elf:3    | Found the cursed necklace of Bloodlust {*Rage +Rage MR++
                  | Int-3 Slay+6 *Curse}
 50819 | Vaults:5 | Entered Level 5 of the Vaults
 50917 | Vaults:5 | Reached skill level 23 in Armour
 51304 | Vaults:5 | Got a silver rune of Zot
 51504 | Vaults:5 | Found the ring of Robustness {AC+8}
 51742 | Vaults:5 | Reached XP level 26. HP: 221/262 MP: 13/13
 52206 | Vaults:5 | Identified the +1 leather armour of Optimism {+Blink rElec
                  | rC+}
 52230 | Vaults:5 | Identified the Volume of Stones and Augmentations
 52739 | Zot:1    | Entered Level 1 of the Realm of Zot
 53388 | Elf:2    | Bought an uncursed ring of see invisible for 300 gold
                  | pieces
 53867 | Zot:1    | Reached skill level 24 in Armour
 55338 | Zot:3    | You fall through a shaft!
 55385 | Zot:4    | Reached XP level 27. HP: 214/274 MP: 0/13
 55818 | Zot:3    | Reached skill level 25 in Armour
 56108 | Zot:3    | You fall through a shaft!
 57152 | Zot:5    | Entered Level 5 of the Realm of Zot
 57165 | Zot:5    | Noticed an orb of fire
 57172 | Zot:5    | Gained mutation: You are very clumsy. (Dex -4) [an orb of
                  | fire]
 57208 | Zot:5    | Gained mutation: Your magical capacity is low. (-10% MP)
                  | [an orb of fire]
 57213 | Zot:5    | Gained mutation: You have a pair of small horns on your
                  | head. [an orb of fire]
 57215 | Zot:5    | Killed an orb of fire
 58129 | Zot:5    | Noticed an ancient lich
 58129 | Zot:5    | Noticed an ancient lich
 58141 | Zot:5    | Noticed an orb of fire
 58146 | Zot:5    | Noticed an orb of fire
 58148 | Zot:5    | Killed an ancient lich
 58152 | Zot:5    | Gained mutation: You are weak. (Str -2) [an orb of fire]
 58152 | Zot:5    | Noticed an orb of fire
 58155 | Zot:5    | Noticed an orb of fire
 58157 | Zot:5    | Killed an ancient lich
 58225 | Zot:5    | Noticed an orb of fire
 58281 | Zot:5    | Noticed an orb of fire
 58287 | Zot:5    | Gained mutation: You are occasionally teleported next to
                  | monsters. [an orb of fire]
 58290 | Zot:5    | Gained mutation: Your spells are a little easier to cast,
                  | but a little less powerful. [an orb of fire]
 58295 | Zot:4    | Gained mutation: Armour fits poorly on your strangely
                  | shaped body. [an orb of fire]
 58299 | Zot:4    | Gained mutation: Your body sometimes deteriorates upon
                  | taking damage. [an orb of fire]
 58302 | Zot:4    | Gained mutation: You are dopey. (Int -2) [an orb of fire]
 58303 | Zot:4    | Gained mutation: You tend to lose your temper in combat.
                  | [an orb of fire]
 58306 | Zot:4    | Killed an orb of fire
 58307 | Zot:4    | Gained mutation: You occasionally shout uncontrollably at
                  | your foes. [an orb of fire]
 58312 | Zot:4    | Gained mutation: Scrolls take you a little longer to read.
                  | [an orb of fire]
 58318 | Zot:4    | Lost mutation: Scrolls take you a little longer to read.
                  | [an orb of fire]
 58325 | Zot:4    | Killed an orb of fire
 58332 | Zot:4    | Killed an orb of fire
 58339 | Zot:4    | Lost mutation: You tend to lose your temper in combat.
                  | [potion of mutation]
 58339 | Zot:4    | Lost mutation: You have a pair of small horns on your head.
                  | [potion of mutation]
 58339 | Zot:4    | Lost mutation: Your magical capacity is low. (-10% MP)
                  | [potion of mutation]
 58339 | Zot:4    | Gained mutation: Scrolls take you a little longer to read.
                  | [potion of mutation]
 58339 | Zot:4    | Lost mutation: Armour fits poorly on your strangely shaped
                  | body. [potion of mutation]
 58339 | Zot:4    | Lost mutation: Your body sometimes deteriorates upon taking
                  | damage. [potion of mutation]
 58339 | Zot:4    | Lost mutation: You are dopey. (Int -2) [potion of mutation]
 58340 | Zot:4    | Lost mutation: Scrolls take you a little longer to read.
                  | [potion of mutation]
 58340 | Zot:4    | Lost mutation: You are weak. (Str -2) [potion of mutation]
 58340 | Zot:4    | Gained mutation: Scrolls take you a little longer to read.
                  | [potion of mutation]
 58340 | Zot:4    | Gained mutation: You can translocate small distances at
                  | will. [potion of mutation]
 58341 | Zot:4    | Lost mutation: You occasionally shout uncontrollably at
                  | your foes. [potion of mutation]
 58341 | Zot:4    | Lost mutation: Your spells are a little easier to cast, but
                  | a little less powerful. [potion of mutation]
 58341 | Zot:4    | Lost mutation: You are occasionally teleported next to
                  | monsters. [potion of mutation]
 58341 | Zot:4    | Lost mutation: You are very clumsy. (Dex -4) [potion of
                  | mutation]
 58341 | Zot:4    | Gained mutation: You are partially covered in iridescent
                  | scales. (AC +2) [potion of mutation]
 58341 | Zot:4    | Gained mutation: You are occasionally teleported next to
                  | monsters. [potion of mutation]
 58341 | Zot:4    | Gained mutation: You are partially covered in icy blue
                  | scales. (AC +2) [potion of mutation]
 58341 | Zot:4    | Gained mutation: You are partially covered in large bone
                  | plates. (SH +4) [potion of mutation]
 58342 | Zot:4    | Lost mutation: You are partially covered in iridescent
                  | scales. (AC +2) [potion of mutation]
 58342 | Zot:4    | Lost mutation: You are clumsy. (Dex -2) [potion of
                  | mutation]
 58342 | Zot:4    | Lost mutation: Scrolls take you a little longer to read.
                  | [potion of mutation]
 58342 | Zot:4    | Lost mutation: You are occasionally teleported next to
                  | monsters. [potion of mutation]
 58342 | Zot:4    | Gained mutation: You are resistant to electric shocks.
                  | (rElec) [potion of mutation]
 58342 | Zot:4    | Gained mutation: Your spells are a little harder to cast,
                  | but a little more powerful. [potion of mutation]
 58342 | Zot:4    | Lost mutation: You are partially covered in icy blue
                  | scales. (AC +2) [potion of mutation]
 58342 | Zot:4    | Gained mutation: You are robust. (+10% HP) [potion of
                  | mutation]
 58357 | Zot:4    | Gained mutation: You are dopey. (Int -2) [an orb of fire]
 58368 | Zot:4    | Gained mutation: You are somewhat resistant to further
                  | mutation. [an orb of fire]
 58381 | Zot:4    | Killed an orb of fire
 58381 | Zot:4    | Reached skill level 26 in Armour
 58474 | Zot:4    | Killed an orb of fire
 58542 | Zot:5    | Noticed an orb of fire
 58973 | Elf:2    | Bought a potion of heal wounds for 90 gold pieces
 58973 | Elf:2    | Bought a scroll of identify for 36 gold pieces
 58973 | Elf:2    | Bought a potion of invisibility for 144 gold pieces
 58973 | Elf:2    | Bought a scroll of enchant weapon for 135 gold pieces
 58973 | Elf:2    | Bought a scroll of enchant weapon for 135 gold pieces
 59035 | Elf:1    | Bought a potion of curing for 42 gold pieces
 59035 | Elf:1    | Bought a potion of agility for 56 gold pieces
 59035 | Elf:1    | Bought a potion of haste for 140 gold pieces
 59035 | Elf:1    | Bought a potion of haste for 140 gold pieces
 59035 | Elf:1    | Bought a potion of agility for 56 gold pieces
 59174 | D:15     | Bought a scroll of enchant weapon for 135 gold pieces
 59174 | D:15     | Bought a scroll of brand weapon for 360 gold pieces
 59174 | D:15     | Bought a scroll of brand weapon for 360 gold pieces
 59589 | Zot:5    | Gained mutation: You occasionally shout uncontrollably at
                  | your foes. [an orb of fire]
 59598 | Zot:5    | Killed an orb of fire
 60373 | Zot:5    | Got the Orb of Zot
 60606 | Depths:4 | Noticed Biraxki the pandemonium lord
 60914 | D:11     | Noticed Oreynt the pandemonium lord
 61084 | D:$      | Escaped with the Orb!

Skill      XL: |  1  2  3  4  5  6  7  8  9 10 11 12 13 14 15 16 17 18 19 20 21 22 23 24 25 26 27 |
---------------+----------------------------------------------------------------------------------+-----
Dodging        | 1 2 3 4 5 7 8 9 10 11 12 14 15 17 18 19 20 21 22 23 25 | 25.6
Fighting       | 3 4 5 6 7 8 9 10 11 12 14 15 16 17 18 19 20 21 23 | 23.1
Axes           | 3 4 5 6 7 8 9 11 13 14 16 18 | 18.0
Armour         | 4 5 6 7 9 10 11 12 13 14 16 17 18 19 20 21 22 23 24 26 | 26.4
Shields        | 4 5 6 7 9 10 11 12 13 14 15 | 15.0
Invocations    | 5 6 8 11 13 15 17 18 | 18.1
Evocations     | 3 5 8 10 | 10.0

Action                   |  1- 3 |  4- 6 |  7- 9 | 10-12 | 13-15 | 16-18 | 19-21 | 22-24 | 25-27 || total
-------------------------+-------+-------+-------+-------+-------+-------+-------+-------+-------++-------
Melee: War axe           |    72 |   235 |   499 |  1042 |   233 |       |       |       |       ||  2081
       Mace              |       |       |       |   145 |       |       |       |       |       ||   145
       Morningstar       |       |       |       |     4 |    33 |       |       |       |       ||    37
       Broad axe         |       |       |       |       |  1254 |  1699 |  2245 |  2314 |  2391 ||  9903
       Headbutt          |       |       |       |       |       |       |       |       |    82 ||    82
Invok: Major Destruction |       |       |       |       |       |     1 |       |       |       ||     1
       Lesser Servant of |       |       |       |       |       |       |     5 |       |       ||     5
       Greater Servant o |       |       |       |       |       |       |       |     1 |     6 ||     7
 Abil: Heal Wounds       |     1 |     3 |    12 |    31 |       |     1 |    11 |    12 |    48 ||   119
Evoke: Wand              |       |     1 |     2 |    16 |     6 |    41 |    11 |       |     7 ||    84
  Use: Scroll            |     1 |     5 |     3 |    11 |     9 |    14 |     5 |    13 |    25 ||    86
       Potion            |       |       |       |     5 |     2 |     5 |     2 |     5 |    26 ||    45
 Stab: Invisible         |       |       |       |    12 |       |       |       |       |       ||    12
       Paralysed         |       |       |       |       |       |    12 |     2 |       |       ||    14
       Distracted        |       |       |       |       |       |       |     3 |     2 |     7 ||    12
  Eat: Chunk             |       |     8 |     9 |    19 |    27 |    22 |    31 |    29 |    16 ||   161
       Ration            |       |       |     2 |     1 |     1 |     2 |     1 |     2 |     7 ||    16
Armor: Scale mail        |    43 |    94 |    48 |       |       |       |       |       |       ||   185
       Plate armour      |       |       |   226 |   563 |   832 |  1152 |   568 |   262 |       ||  3603
       Gold dragon scale |       |       |       |       |       |       |       |   605 |  1392 ||  1997
Dodge: Dodged            |    29 |   100 |   192 |   341 |   695 |   808 |   585 |   719 |  1214 ||  4683
Block: Shield            |    42 |   160 |   325 |   841 |  1524 |  1589 |  1665 |  1909 |  2414 || 10469
       Reflection        |       |       |       |    14 |    16 |    33 |   169 |    90 |    53 ||   375
